 Dungeon Crawl Stone Soup version 0.31-a0-851-g7ff8af7976 (webtiles) character file.

Game seed: 15413431111276823596

580 javelincjr the Sneak (level 7, -1/41 HPs)
             Began as an Octopode Hedge Wizard on Oct 6, 2023.
             Was an Initiate of Hepliaklqana.
             Slain by beavisfan's ghost (16 damage)
             ... on level 4 of the Dungeon.
             The game lasted 00:19:09 (3851 turns).

javelincjr the Sneak (Octopode Hedge Wizard)        Turns: 3851, Time: 00:19:09

Health: -1/41      AC:  1    Str: 13    XL:     7   Next: 36%
Magic:  9/13       EV: 13    Int: 18    God:    Hepliaklqana [......]
Gold:   213        SH:  0    Dex: 11    Spells: 7/14 levels left

rFire   . . .        a - +6 sling of the Gibberer {freeze, rElec rPois Str+3}
rCold   . . .        (no shield)
rNeg    . . .        k - +0 hat
rPois   +            (no amulet)
rElec   +            (no ring)
rCorr   .            (no ring)
SInv    .            (no ring)
Will    .....        (no ring)
Stlth   ++++         (no ring)
HPRegen 0.26/turn    (no ring)
MPRegen 0.13/turn    (no ring)
                     (no ring)

%: no passive effects
@: wereblooded, studying Maces & Flails
A: almost no armour, amphibious, 8 rings, camouflage 1, gelatinous body 1,
(nimble swimmer 1), tentacles
a: Renounce Religion


You were on level 4 of the Dungeon.
You worshipped Hepliaklqana.
Hepliaklqana was noncommittal.
You visited 1 branch of the dungeon, and saw 4 of its levels.

You collected 213 gold pieces.

Inventory:

Hand Weapons
 a - the +6 sling of the Gibberer (weapon) {freeze, rElec rPois Str+3}
   (You found it on level 2 of the Dungeon)

   Str+3:     It affects your strength (+3).
   rElec:     It insulates you from electricity.
   rPois:     It protects you from poison
 b - a +4 spear
 h - a +0 dagger
Missiles
 o - 2 poisoned darts
Armour
 k - a +0 hat (worn)
Wands
 p - a wand of roots (6)
Scrolls
 d - 2 scrolls of teleportation {unknown}
 f - a scroll of amnesia {unknown}
 g - a scroll of fog {unknown}
 m - 2 scrolls of blinking {unknown}
Potions
 c - a potion of magic
 e - 2 potions of resistance {unknown}
 i - a potion of might {unknown}
 j - a potion of curing {unknown}
 l - 2 potions of brilliance {unknown}
 n - a potion of mutation {unknown}


   Skills:
 + Level 3.4 Dodging
 + Level 4.9 Stealth
 * Level 4.3 Spellcasting
 * Level 3.2 Conjurations
 + Level 2.9 Summonings
 + Level 2.8 Translocations
 + Level 1.4 Invocations


You had 7 spell levels left.
You knew the following spells:

 Your Spells              Type           Power      Damage    Failure   Level
a - Magic Dart            Conj           60%        1d6       3%          1
b - Call Imp              Summ           28%        N/A       7%          2
c - Blink                 Tloc           26%        N/A       7%          2
d - Wereblood             Tmut           3%         N/A       22%         2

Your spell library contained the following spells:

 Spells                   Type           Power      Damage    Failure   Level
 Sandblast                Erth           6%         2d5       14%         1
 Slow                     Hex            12%        N/A       14%         1
 Cigotuvi's Dreadful Rot  Necr/Pois/Air  6%         N/A       22%         2
 Passwall                 Tmut/Erth      2%         N/A       22%         2
 Sublimation of Blood     Necr           3%         N/A       22%         2
 Stone Arrow              Conj/Erth      18%        3d8       22%         3
 Mephitic Cloud           Conj/Pois/Air  7%         N/A       28%         3
 Frozen Ramparts          Ice            6%         1d1       41%         3
 Brom's Barrelling Bould  Conj/Erth      9%         2d3       58%         4
 Petrify                  Tmut/Erth      3%         N/A       82%         4
 Metabolic Englaciation   Hex/Ice        1%         N/A       99%         5
 Summon Hydra             Summ           7%         N/A       100%        7


Dungeon Overview and Level Annotations

Branches:
Dungeon (4/15)
 Temple: D:4-7

Altars:
Hepliaklqana

Annotations:
D:4 beavisfan's ghost, amateur FeCK


Innate Abilities, Weirdness & Mutations

You cannot wear most types of armour.
You are amphibious.
You can wear up to eight rings at the same time.
Your skin changes colour to match your surroundings (Stealth+).
Your rubbery body absorbs attacks. (AC +1, EV +1)
((You are camouflaged when in or above water. (Stealth+)))
You have tentacles for arms and can constrict up to eight enemies at once.


Message History

The kobold brigand hits your cerulean imp with a +2 whip of distortion.
Space warps around your cerulean imp! Beavisfan's ghost hits you!
Your cerulean imp closely misses beavisfan's ghost.
Beavisfan's ghost completely misses you.
The kobold throws a poisoned dart.
The poisoned dart closely misses your cerulean imp.
The poisoned dart completely misses beavisfan's ghost.
The poisoned dart hits you.
You are too injured to fight recklessly!
Fire: a) +6 sling of the Gibberer {freeze, rElec rPois Str+3}
Press: ? - help, Q - select action, (/) - cycle Shift-Dir - straight line, f/p - beavisfan's ghost
Aim: beavisfan's ghost (ally target, 33% to hit)
You shoot a sling bullet.
The sling bullet completely misses beavisfan's ghost.
You howl as the wereblood boils in your veins!
You feel ready to blink again.
Your cerulean imp completely misses beavisfan's ghost.
The kobold misses your cerulean imp. Beavisfan's ghost hits you.
Fire: a) +6 sling of the Gibberer {freeze, rElec rPois Str+3}
Press: ? - help, Q - select action, (/) - cycle Shift-Dir - straight line, f/p - beavisfan's ghost
Aim: beavisfan's ghost (ally target, 33% to hit)
You shoot a sling bullet.
The sling bullet completely misses beavisfan's ghost.
Your cerulean imp closely misses beavisfan's ghost.
The kobold throws a poisoned dart.
The poisoned dart misses your cerulean imp.
The poisoned dart misses the kobold brigand.
The poisoned dart completely misses beavisfan's ghost.
The poisoned dart completely misses you.
Beavisfan's ghost hits you but does no damage.
Fire: a) +6 sling of the Gibberer {freeze, rElec rPois Str+3}
Press: ? - help, Q - select action, (/) - cycle Shift-Dir - straight line, f/p - beavisfan's ghost
Aim: beavisfan's ghost (ally target, 33% to hit)
You shoot a sling bullet.
The sling bullet closely misses beavisfan's ghost.
You howl as the wereblood boils in your veins!
Your cerulean imp closely misses beavisfan's ghost.
The kobold closely misses your cerulean imp.
Beavisfan's ghost hits you!
You die...

##### ###(!.##
#.>..###
##.....##
#.####
#.#...#.# #.#
#⌠.#.#.⌠# #.#
#.#...#.# #.#
###....[#####.#
#.##''K##.##..#
#....).K.K#..##
#####..K5KW@##
#########


You could see a kobold brigand, beavisfan's ghost (ally target), 4 kobolds and a
friendly cerulean imp (summoned).

Vanquished Creatures
  A water moccasin (D:4)
  2 phantoms (D:4)
  A scorpion (D:4)
  A hound (D:4)
  A jelly (D:4)
  An orc wizard (D:3)
  6 adders
  A worm (D:4)
  2 orcs (D:4)
  3 endoplasms
  3 goblins
  3 hobgoblins
  A jackal (D:1)
  6 quokkas
  2 ball pythons
  4 frilled lizards
  9 kobolds
  4 rats
51 creatures vanquished.

Vanquished Creatures (collateral kills)
  An ogre (D:4)
  A goblin (D:1)
  3 jackals (D:1)
  2 kobolds
7 creatures vanquished.

Grand Total: 58 creatures vanquished

Notes
Turn   | Place    | Note
-------+----------+-------------------------------------------
     0 | D:1      | javelincjr the Octopode Hedge Wizard began the quest for
                  | the Orb.
     0 | D:1      | Reached XP level 1. HP: 11/11 MP: 4/4
   365 | D:1      | Reached XP level 2. HP: 17/17 MP: 1/6
   445 | D:1      | Learned a level 2 spell: Call Imp
   449 | D:1      | Learned a level 2 spell: Blink
  1100 | D:2      | Identified the +6 sling of the Gibberer {freeze, rElec
                  | rPois Str+3}
  1138 | D:2      | Reached XP level 3. HP: 21/21 MP: 7/7
  2312 | D:3      | Reached XP level 4. HP: 18/27 MP: 1/8
  2738 | D:4      | Noticed a phantom
  2816 | D:4      | Found a hazy altar of Hepliaklqana.
  2827 | D:4      | Reached XP level 5. HP: 25/31 MP: 10/10
  2837 | D:4      | Became a worshipper of Hepliaklqana the Forgotten
  2873 | D:4      | Killed a phantom
  2923 | D:4      | Noticed an ogre
  2952 | D:4      | Killed an ogre
  2953 | D:4      | Reached XP level 6. HP: 36/36 MP: 8/11
  3018 | D:4      | Reached skill level 1 in Invocations
  3303 | D:4      | Noticed a water moccasin
  3311 | D:4      | Killed a water moccasin
  3312 | D:4      | Reached XP level 7. HP: 18/41 MP: 11/13
  3558 | D:4      | Found a runed translucent gate.
  3558 | D:4      | Found a runed translucent gate.
  3558 | D:4      | Found a runed translucent gate.
  3558 | D:4      | Noticed beavisfan's ghost (amateur FeCK)
  3839 | D:4      | Learned a level 2 spell: Wereblood
  3851 | D:4      | Slain by beavisfan's ghost

Illustrated notes

Levels and vault maps discovered:
D:1:      erik_arrival_blinker_ship, layout_loops_ring, serial_rivers,
          chequers_serial_rivers_micro_b, chequers_serial_rivers_micro_b,
          chequers_serial_rivers_marsh, chequers_serial_rivers_room_a,
          chequers_serial_rivers_micro_c, chequers_serial_rivers_micro_c,
          minmay_hedge_maze, serial_bayou_ford_a
D:2:      layout_rooms, serial_co_window_serial, co_window_corner_a,
          co_window_corner_a, co_window_paths_b, co_window_paths_b,
          co_window_of_opportunity_a, co_window_paths_c, co_window_paths_c,
          co_window_broadway_b, co_window_sun, glass_columns_b, glass_columns_c,
          glass_columns_c, minmay_misc_feat_more_columns,
          minmay_misc_feat_four_crosses, hangedman_feature_mirror
D:3:      layout_loops_ring
D:4:      layout_basic, mainiacjoe_overflow_alcove_1,
          gammafunk_ghost_nasty_kobolds, minmay_manual_monstrance

Skill      XL: |  1  2  3  4  5  6 |
---------------+-------------------+-----
Stealth        | 3 4 |  4.9
Summonings     | 2 |  2.9
Conjurations   | 2 3 |  3.2
Translocations | 2 |  2.8
Dodging        | 3 |  3.4
Spellcasting   | 4 |  4.3
Invocations    | 1 |  1.4

Action                     |  1- 3 |  4- 6 |  7- 9 || total
---------------------------+-------+-------+-------++-------
  Melee: Dagger            |    39 |       |       ||    39
         Constrict         |     5 |     4 |     2 ||    11
         Tentacles         |     8 |     5 |       ||    13
         Spear             |     4 |    41 |     8 ||    53
         Punch             |       |     1 |     1 ||     2
   Fire: Sling             |    29 |    29 |    11 ||    69
   Cast: Magic Dart        |    18 |     4 |     2 ||    24
         Call Imp          |     7 |     7 |     2 ||    16
         Blink             |     1 |       |     1 ||     2
         Wereblood         |       |       |     1 ||     1
   Stab: Sleeping          |       |     4 |       ||     4
 Armour: Skin              |    19 |    19 |     9 ||    47
  Dodge: Dodged            |    25 |    19 |    10 ||    54

Table legend: (Time is in decaauts)
 A = Elapsed time spent in this place.
 B = Non-inter-level travel time spent in this place.
 C = Inter-level travel time spent in this place.
 D = Time resting spent in this place.
 E = Time spent auto-exploring this place.
 F = Levels seen in this place.
 G = Mean time per level.
                   A        B        C        D        E       F      G
               +--------+--------+--------+--------+--------+-----+--------+
         Total |   3874 |   3835 |     39 |    280 |   2974 |   4 |  968.5 |
       Dungeon |   3874 |   3835 |     39 |    280 |   2974 |   4 |  968.5 |
               +--------+--------+--------+--------+--------+-----+--------+

Top non-repeatable levels by time:
     D:1: 1148 daAuts
     D:4: 1131 daAuts
     D:2: 850 daAuts
     D:3: 743 daAuts
